 Dungeon Crawl Stone Soup version 0.21.1-1-g345015f (webtiles) character file.

3929 magui the Fighter (level 10, 0/157 HPs)
             Began as an Ogre Berserker on Mar 29, 2018.
             Was an Elder of Trog.
             Slain by an orc warrior
             ... wielding a +0 trident
              (7 damage)
             ... on level 9 of the Dungeon on Mar 31, 2018.
             The game lasted 00:49:25 (10093 turns).

magui the Fighter (Ogre Berserker)                 Turns: 10093, Time: 00:49:26

Health: 0/157      AC:  7    Str: 30 (31) XL:     10   Next: 21%
Magic:  10/10      EV:  9    Int:  7 (8)  God:    Trog [****..]
Gold:   443        SH:  9    Dex:  8      Spells: 9/9 levels left

rFire    . . .     SeeInvis .   F - +1 whip (flame)
rCold    . . .     Gourm    .   i - +0 shield
rNeg     . . .     Faith    .   b - +0 animal skin
rPois    +         Spirit   .   (helmet restricted)
rElec    .         Reflect  .   M - scarf {cloud immunity}
rCorr    .         Harm     .   (gloves unavailable)
MR       ++++.                  (boots unavailable)
Stlth    ..........             (no amulet)
HPRegen  1.36/turn              t - +4 ring of protection
MPRegen  0.12/turn              p - ring of protection from magic

@: berserking, regenerating, heavily drained, very quick
A: large, unfitting armour, horns 1, deterioration 1, poison resistance, tough
skin 1
a: Berserk, Trog's Hand, Brothers in Arms, Burn Spellbooks, Renounce Religion


You were on level 9 of the Dungeon.
You worshipped Trog.
Trog was greatly pleased with you.
You were near starving.

You visited 2 branches of the dungeon, and saw 10 of its levels.

You collected 443 gold pieces.

Inventory:

Hand Weapons
 a - a +0 mace
 d - a +1 whip of freezing
 z - a +0 hunting sling
 A - a +0 arbalest
 F - a +1 whip of flaming (weapon)
Missiles
 c - 4 needles of confusion
 e - 92 sling bullets
 f - 91 bolts
 j - 232 stones
 k - 211 arrows
 H - 3 silver javelins (quivered)
 N - 8 javelins of penetration
Armour
 b - a +0 animal skin (worn)
 h - a +0 scale mail
 i - a +0 shield (worn)
 M - a scarf of cloud immunity (worn)
Magical Staves
 n - an uncursed staff of earth {unknown}
Jewellery
 o - an uncursed amulet of harm
 p - a ring of protection from magic (right hand)
 t - a +4 ring of protection (left hand)
 w - an uncursed ring of flight
 B - an uncursed ring of protection from fire
 E - an uncursed ring of protection from fire
Wands
 x - a wand of random effects (33)
 K - a wand of iceblast (11)
Scrolls
 l - 2 scrolls of fear
 m - 4 scrolls of teleportation
 u - 4 scrolls of remove curse
 y - 2 scrolls of identify
 O - a scroll of blinking
Potions
 q - a potion of cancellation
 r - a potion of might
 s - 3 potions of lignification {unknown}
 v - 2 potions of curing
 C - a potion of flight
 D - a potion of degeneration {unknown}
 G - a potion of magic
 I - a potion of resistance {unknown}
 J - a potion of brilliance {unknown}
 L - a potion of ambrosia
Comestibles
 g - 7 rations


   Skills:
 + Level 8.3(6.0) Fighting
 + Level 7.2(5.0) Maces & Flails
 + Level 6.3(4.2) Throwing
 + Level 6.3(4.1) Dodging
 + Level 1.7(0.0) Stealth
 + Level 5.4(3.2) Shields


You had 9 spell levels left.
You didn't know any spells.

Dungeon Overview and Level Annotations

Branches:
Dungeon (9/15)             Temple (1/1) D:7
   Lair: D:8-11         Orc: D:9-12

Altars:
Ashenzari
Cheibriados
Dithmenos
Elyvilon
Fedhas
Gozag
Hepliaklqana
Kikubaaqudgha
Makhleb
Nemelex Xobeh
Okawaru
Qazlal
Ru
Sif Muna
Trog
Uskayaw
Vehumet
Wu Jian
Xom
Yredelemnul
Zin
The Shining One


Innate Abilities, Weirdness & Mutations

You are too large for most types of armour.
You have tough skin. (AC +1)
You have a pair of small horns on your head.
Your body sometimes deteriorates upon taking damage.
Your system is resistant to poisons. (rPois)


Message History

You feel resistant to hostile enchantments.
You are feeling hungry.
You feel the effects of Trog's Hand fading.
The orc barely misses you. You block the orc warrior's attack.
A red film seems to cover your vision as you go berserk!
You feel yourself moving faster!
You feel mighty!
You are feeling very hungry.
You are near starving!
The orc hits you.
* * * LOW HITPOINT WARNING * * *
You block the orc warrior's attack.
You completely miss the orc warrior. You block the orc's attack.
You closely miss the orc warrior.
The orc warrior hits you with a trident.
* * * LOW HITPOINT WARNING * * *
You closely miss the orc warrior. You block the orc's attack.
You hit the orc warrior. You burn the orc warrior.
Your headbutt misses the orc warrior.
The orc warrior is moderately wounded.
The orc warrior hits you with a trident!
You die...

#.# ##.# #..# ## ##
#.## .#$.
#####'###### .#.
#......)...### ..
#..........'.# .#
#..........#.####.#
#..........#..((@o#
#..........######oo.#
#########+## ##.# ..
##


You could see an orc warrior and 2 orcs.

Vanquished Creatures
  Pikel (D:7)
  Prince Ribbit (D:7)
  Sigmund (D:5)
  A water moccasin (D:8)
  A sky beast (D:7)
  2 black bears (D:6)
  A slave (D:7)
  4 ogres
  8 centaurs
  A crocodile (D:5)
  3 bullfrogs
  5 scorpions (D:7)
  5 wights (D:8)
  4 crimson imps
  A bullfrog zombie (D:7)
  4 orc priests
  3 bullfrog skeletons
  4 hounds
  3 orc wizards
  An iguana (D:5)
  5 worker ants
  A hound skeleton (D:7)
  Robin (D:3)
  15 adders
  4 shadow imps
  2 oozes
  An adder zombie (D:7)
  2 adder skeletons
  3 worms
  3 dart slugs
  5 leopard geckos
  30 orcs
  A ball python (D:3)
  3 giant cockroaches
  15 goblins
  11 hobgoblins
  12 jackals
  3 quokkas
  8 bats
  3 frilled lizards
  6 kobolds
  A leopard gecko skeleton (D:6)
  9 rats
  2 fungi (D:7)
200 creatures vanquished.

Vanquished Creatures (others)
  A slave (D:7)
  A centaur (D:7)
2 creatures vanquished.

Grand Total: 202 creatures vanquished

Notes
Turn   | Place    | Note
-------+----------+-------------------------------------------
     0 | D:1      | magui the Ogre Berserker began the quest for the Orb.
     0 | D:1      | Reached XP level 1. HP: 24/24 MP: 1/1
    90 | D:1      | Gained mutation: Your body sometimes deteriorates upon taking damage. [potion of mutation]
    90 | D:1      | Gained mutation: Your system is resistant to poisons. (rPois) [potion of mutation]
    90 | D:1      | Gained mutation: You have a pair of small horns on your head. [potion of mutation]
    92 | D:1      | Mutation : horns
   202 | D:1      | Reached XP level 2. HP: 29/32 MP: 2/2
   657 | D:1      | Reached XP level 3. HP: 40/40 MP: 3/3
   950 | D:2      | Found a sacrificial altar of Ru.
  1147 | D:2      | Reached XP level 4. HP: 49/49 MP: 4/4
  1178 | D:2      | Reached skill level 5 in Fighting
  1183 | D:2      | Reached ** piety under Trog
  1744 | D:3      | Reached XP level 5. HP: 49/57 MP: 5/5
  1888 | D:3      | Found an iron altar of Okawaru.
  2350 | D:3      | Found a glowing silver altar of Zin.
  2541 | D:3      | Reached skill level 1 in Shields
  2547 | D:3      | Reached *** piety under Trog
  2547 | D:3      | Reached skill level 1 in Throwing
  2553 | D:3      | Reached XP level 6. HP: 42/66 MP: 6/6
  2567 | D:3      | Noticed Robin
  2584 | D:3      | Killed Robin
  3451 | D:4      | Found an opulent altar of Gozag.
  3889 | D:5      | Entered Level 5 of the Dungeon
  3925 | D:5      | Reached skill level 6 in Fighting
  3925 | D:5      | Reached XP level 7. HP: 53/75 MP: 7/7
  4513 | D:5      | Found an ancient bone altar of Kikubaaqudgha.
  4513 | D:5      | Noticed Sigmund
  4539 | D:5      | Killed Sigmund
  4539 | D:5      | Reached skill level 5 in Maces & Flails
  4539 | D:5      | Reached XP level 8. HP: 32/84 MP: 8/8
  5051 | D:5      | Found a shadowy altar of Dithmenos.
  5532 | D:6      | Reached skill level 7 in Fighting
  5579 | D:6      | Reached skill level 1 in Stealth
  5657 | D:6      | Reached **** piety under Trog
  5823 | D:6      | Reached skill level 5 in Dodging
  6115 | D:6      | Reached XP level 9. HP: 27/93 MP: 9/9
  7116 | D:7      | Noticed Pikel
  7173 | D:7      | Killed Pikel
  7477 | D:7      | Reached skill level 5 in Throwing
  7592 | D:7      | Found a staircase to the Ecumenical Temple.
  7608 | D:7      | Reached skill level 8 in Fighting
  7645 | Temple   | Entered the Ecumenical Temple
  7942 | D:7      | Reached skill level 5 in Shields
  8144 | D:7      | Noticed Prince Ribbit
  8166 | D:7      | Killed Prince Ribbit
  8246 | D:7      | Reached XP level 10. HP: 98/104 MP: 10/10
  8529 | D:8      | HP: 4/104 [wight/scimitar (3)]
  9202 | D:8      | Received a gift from Trog
  9696 | D:8      | Found a burning altar of Makhleb.
  9696 | D:8      | Noticed a blizzard demon
 10087 | D:9      | HP: 4/105 [orc warrior/trident (11)]
 10093 | D:9      | Slain by an orc warrior

Skill      XL: |  1  2  3  4  5  6  7  8  9 10 |
---------------+-------------------------------+-----
Maces & Flails | 3 4 5 6 7 |  7.2
Dodging        | 3 4 5 6 |  6.3
Fighting       | 5 6 7 8 |  8.3
Shields        | 1 3 4 5 |  5.4
Throwing       | 1 2 3 5 6 |  6.3
Stealth        | 1 |  1.7

Action                   |  1- 3 |  4- 6 |  7- 9 | 10-12 || total
-------------------------+-------+-------+-------+-------++-------
Melee: Mace              |    15 |       |       |       ||    15
       Whip              |    62 |   240 |   281 |    94 ||   677
       Headbutt          |     8 |    37 |    58 |    18 ||   121
Throw: Stone             |    12 |    59 |   102 |     3 ||   176
       Javelin           |       |       |    32 |    11 ||    43
Invok: Burn Spellbooks   |       |     1 |       |     1 ||     2
       Berserk           |       |       |       |     2 ||     2
       Trog's Hand       |       |       |       |     2 ||     2
  Use: Potion            |     7 |     2 |     5 |       ||    14
       Scroll            |     4 |     6 |     3 |     4 ||    17
 Stab: Sleeping          |     1 |       |       |       ||     1
  Eat: Ration            |       |     3 |     4 |     2 ||     9
Armor: Animal skin       |    15 |    51 |    54 |    23 ||   143
Dodge: Dodged            |    23 |    59 |    81 |    44 ||   207
Block: Shield            |     4 |    80 |   125 |    44 ||   253
